 Dungeon Crawl Stone Soup version 0.30-a0-269-gf0224bf7b6 (webtiles) character file.

Game seed: 10621643747271066789

223718 IdlyInterested the Warrior (level 18, -1/162 HPs)
             Began as a Demonspawn Wanderer on Oct 13, 2022.
             Was the Champion of Qazlal.
             Drowned by a water nymph (7 damage)
             ... on level 4 of the Shoals on Oct 14, 2022.
             The game lasted 02:43:24 (35067 turns).

IdlyInterested the Warrior (Demonspawn Wanderer)   Turns: 35067, Time: 02:43:25

Health: -1/162     AC: 35    Str: 23    XL:     18   Next: 57%
Magic:  11/28      EV: 12    Int: 20    God:    Qazlal [******]
Gold:   1276       SH: 23    Dex: 25    Spells: 31/31 levels left

rFire   . . .      SeeInvis +    N - +8 broad axe (drain)
rCold   + . .      Faith    +    c - +0 kite shield {reflect}
rNeg    . . .      Spirit   .    k - +12 crystal plate armour "Eruupaj" {Dex+3}
rPois   .          Reflect  +    Z - +1 hat {SInv}
rElec   .          Harm     .    Y - +0 cloak
rCorr   .          Rampage  .    t - +2 pair of gloves {infuse}
Will    ++...      Clarity  +    (no boots)
Stlth   ..........               G - amulet of faith
HPRegen 0.47/turn                s - ring of Hosack {rC+ Will+ Int+6 Dex+6}
MPRegen 0.21/turn                L - +6 ring of strength

@: agile, repel missiles, very slow
A: hooves 2, demonic guardian 2, powered by pain 1, sturdy frame 3, bedeviling,
clarity, screaming 1
}: 1/15 runes: gossamer
a: Renounce Religion, Upheaval, Elemental Force, Disaster Area


You were on level 4 of the Shoals.
You worshipped Qazlal.
Qazlal was exalted by your worship.
You visited 6 branches of the dungeon, and saw 31 of its levels.
You also visited: Gauntlet.

You collected 3569 gold pieces.
You spent 2293 gold pieces at shops.

Inventory:

Hand Weapons
 M - a +2 scimitar of flaming
 N - a +8 broad axe of draining (weapon)
Missiles
 l - 8 throwing nets
 u - 34 boomerangs (quivered)
 C - 7 silver javelins
 J - 9 silver boomerangs
 O - 13 javelins
 V - 8 boomerangs of dispersal
Armour
 c - a +0 kite shield of reflection (worn)
 k - the +12 crystal plate armour "Eruupaj" (worn) {Dex+3}
   (You acquired it on level 6 of the Dungeon)

   Dex:       It affects your dexterity (+3).
 q - +0 fire dragon scales
 t - a +2 pair of gloves of infusion (worn)
 x - a +5 tower shield
 z - a +2 robe of positive energy
 T - +0 ice dragon scales
 Y - a +0 cloak (worn)
 Z - a +1 hat of see invisible (worn)
Jewellery
 b - a ring of poison resistance
 f - a ring of resist corrosion
 s - the ring of Hosack (left hand) {rC+ Will+ Int+6 Dex+6}
   (You acquired it on level 13 of the Dungeon)

   [ring of dexterity]

   Int:       It affects your intelligence (+6).
   Dex:       It affects your dexterity (+6).
   rC:        It protects you from cold.
   Will:      It increases your willpower.
 v - a ring of positive energy
 G - an amulet of faith (around neck)
 L - a +6 ring of strength (right hand)
 P - the ring "Wigraj" {Drain *Slow rPois rCorr Dex+10}
   (You found it on level 4 of the Shoals)

   [ring of resist corrosion]

   Dex:       It affects your dexterity (+10).
   rPois:     It protects you from poison.
   rCorr:     It protects you from acid and corrosion.
   Drain:     It drains your maximum health when unequipped.
   *Slow:     It may slow you when you take damage.
 W - a ring of fire
Wands
 h - a wand of mindburst (6)
 r - a wand of polymorph (2)
 F - a wand of flame (22)
 R - a wand of charming (14)
 S - a wand of acid (25)
Scrolls
 d - 8 scrolls of butterflies
 e - 9 scrolls of blinking
 g - 2 scrolls of brand weapon
 i - a scroll of summoning
 y - 12 scrolls of magic mapping
 E - 8 scrolls of fear
 H - 2 scrolls of torment
 I - 10 scrolls of teleportation
 X - a scroll of silence
Potions
 a - 10 potions of curing
 j - 4 potions of resistance
 m - 4 potions of invisibility
 n - 6 potions of haste
 o - 7 potions of flight
 p - a potion of mutation
 w - 2 potions of cancellation
 A - 16 potions of ambrosia
 B - 3 potions of magic
 K - 5 potions of might
 Q - 2 potions of heal wounds
 U - a potion of berserk rage
Miscellaneous
 D - a tin of tremorstones (2/2)


   Skills:
 + Level 19.8 Fighting
 - Level 5.0 Long Blades
 - Level 17.7(18.0) Axes
 - Level 5.2(12.6) Maces & Flails
 - Level 6.0 Throwing
 - Level 6.0 Armour
 - Level 2.0 Dodging
 - Level 6.0 Stealth
 * Level 13.9 Shields
 + Level 7.1 Spellcasting
 - Level 12.0 Invocations
 - Level 2.0 Evocations


You had 31 spell levels left.
You didn't know any spells.
Your spell library contained the following spells:

 Spells                   Type           Power      Damage    Failure   Level
 Apportation              Tloc           14%        N/A       91%         1
 Necrotise                Necr           28%        1d5       91%         1
 Shock                    Conj/Air       28%        1d4       91%         1
 Summon Small Mammal      Summ           28%        N/A       91%         1
 Cigotuvi's Dreadful Rot  Necr/Pois/Air  14%        N/A       97%         2
 Call Canine Familiar     Summ           7%         N/A       99%         3
 Inner Flame              Hex/Fire       10%        N/A       99%         3
 Portal Projectile        Hex/Tloc       20%        N/A       99%         3
 Swiftness                Air            7%         N/A       99%         3
 Vampiric Draining        Necr           7%         2d6       99%         3
 Airstrike                Air            3%         2d(1-17)  100%        4
 Dispel Undead            Necr           7%         3d8       100%        4
 Flame Wave               Conj/Fire      7%         2d5       100%        4
 Leda's Liquefaction      Hex/Erth       5%         N/A       100%        4
 Sticky Flame             Conj/Fire      7%         2d3       100%        4
 Agony                    Necr           7%         N/A       100%        5
 Fireball                 Conj/Fire      3%         3d4       100%        5
 Iskenderun's Battlesphe  Conj           7%         2d6       100%        5
 Lee's Rapid Deconstruct  Erth           3%         3d6*      100%        5
 Conjure Ball Lightning   Conj/Air       3%         3x3d6     100%        6
 Death Channel            Necr           3%         N/A       100%        6
 Statue Form              Tmut/Erth      4%         N/A       100%        6
 Malign Gateway           Summ/Tloc      3%         N/A       100%        7
 Orb of Destruction       Conj           3%         9d5       100%        7
 Summon Horrible Things   Summ           3%         N/A       100%        8


Dungeon Overview and Level Annotations

Branches:
Dungeon (15/15)            Temple (1/1) D:5            Lair (5/5) D:11
 Shoals (4/4) Lair:3       Spider (4/4) Lair:2        Slime (0/5) Lair:4
    Orc (2/2) D:12            Elf (0/3) Orc:2        Vaults (0/5) D:14
 Depths (0/4) D:15        Gauntlet (visited)

Altars:
Ashenzari
Cheibriados
Dithmenos
Fedhas
Gozag
Hepliaklqana
Kikubaaqudgha
Makhleb
Nemelex Xobeh
Okawaru
Qazlal
Ru
Sif Muna
Trog
Uskayaw
Vehumet
Wu Jian
Xom
Yredelemnul
Jiyva

Shops:
D:3 (   Orc:1 ?(?*[   Orc:2 *((!


Innate Abilities, Weirdness & Mutations

You have hoof-like feet.
A demonic guardian rushes to your aid.
You sometimes gain a little power by taking damage.
Your movements are significantly less encumbered by armour. (ER -6)
Your hexes are more powerful.
You possess an exceptional clarity of mind.
You occasionally shout uncontrollably at your foes.


Message History

The merfolk avatar chants a haunting song.
You are unaffected.
You block the merfolk's attack.
The water nymph points at you and mumbles some strange words.
The water swirls and strikes you.
* * * LOW HITPOINT WARNING * * *
You see here a sea snake corpse.
Your unstable footing causes you to fumble your attack.
You block the merfolk's attack.
You slice the merfolk!! You drain the merfolk.
The merfolk is severely wounded.
The merfolk avatar chants a haunting song.
You are unaffected.
Your unstable footing causes you to fumble your attack.
Your sixfirhy hits the merfolk!
The merfolk dies!
Qazlal accepts your kill.
You hear a splash. x2
You swap places.
Shadowy forms rise from the deep at the merfolk avatar's song!
Your sixfirhy misses the water nymph.
Your sixfirhy splashes around in the water.
Your sixfirhy misses the water nymph. The water nymph casts a spell at you.
The water swirls and strikes you!!
* * * LOW HITPOINT WARNING * * *
Your sixfirhy hits the water nymph.
Your sixfirhy shocks the water nymph!
The water nymph points at you and mumbles some strange words.
The water swirls and strikes you.
* * * LOW HITPOINT WARNING * * *
Things that are here:
a +0 trident of venom; a boomerang; a merfolk corpse You feel much better.
The water nymph gestures at you while chanting.
The water swirls and strikes you!!
* * * LOW HITPOINT WARNING * * *
You focus on the pain.
You feel your power returning.
Unknown command.
The merfolk avatar chants a haunting song.
You are unaffected.
The water nymph touches you. The water nymph drowns you!
You die...

~≈≈≈≈≈≈≈≈≈~~~PP~~ ##
~~~≈≈≈≈≈≈≈≈~~~~PP##~
~~~≈≈≈≈≈≈≈≈~~~P~~#[~
~~~~~≈≈≈≈m≈~~~~~~'~
~~~~~~~~~~~~~~...#
~~~~~~W§~~§~~..()##
~~~~~§○§☼○~~......#####~
..~..~m3°†~..†.†.......~
'##~~°@~°~...........~~
##.°☼~°)............~
#§.~~~.............~
#..~...†...#######..
#~...###....# #...
#~...###....### #...
#~~~~~...^...~.# #...
.~....~.......~~# #..
~..###...~~~.~PP~## #..


You could see a merfolk avatar, a water nymph (ally target), a drowned soul
(summoned) and a friendly sixfirhy (summoned).

Vanquished Creatures
  Rupert (Spider:1)
  A kraken (Shoals:2)
  Agnes (D:15)
  Donald (Shoals:4)
  A thorn hunter (D:13)
  3 emperor scorpions
  Louise (Spider:1)
  5 ghost moths (Spider:4)
  3 broodmothers
  A minotaur (Gauntlet)
  2 spark wasps
  2 merfolk javelineers
  3 merfolk impalers
  3 fire dragons
  An entropy weaver (shapeshifter) (D:14)
  Josephine (Shoals:1)
  2 entropy weavers
  2 ice dragons
  10 hydras
  3 boulder beetles
  2 jorogumos
  4 vault guards (D:14)
  A hell beast (Gauntlet)
  Erica (D:8)
  2 radroaches
  A catoblepas (Lair:5)
  5 two-headed ogres
  2 merfolk aquamancers
  2 alligator snapping turtles (Shoals:4)
  4 centaur warriors
  A death scarab (Gauntlet)
  4 satyrs
  3 tengu warriors
  13 death yaks
  4 orc high priests (Orc:2)
  Sonja (D:12)
  Nergalle (Orc:1)
  6 pharaoh ants
  A sun moth (Spider:3)
  Amaemon (Lair:2)
  3 orb spiders
  8 sea snakes
  3 steelbarb worms
  A swamp dragon (Lair:5)
  A wizard (D:14)
  Pikel (D:8)
  A lindwurm (Lair:5)
  An orc knight (Orc:2)
  22 harpies
  4 deep elf pyromancers
  An orc sorcerer (Orc:1)
  11 wolf spiders
  19 fauns
  11 ugly things
  6 moths of wrath
  12 cyclopes
  11 manticores
  15 elephants
  A black mamba (shapeshifter) (D:15)
  4 black mambas
  14 merfolk sirens
  12 torpor snails
  7 water nymphs
  7 cane toads
  8 demonic crawlers
  2 gargoyles (D:14)
  An orange demon (Lair:2)
  An unseen horror (D:12)
  An efreet (D:14)
  4 rime drakes
  A kobold demonologist (D:11)
  3 freezing wraiths (D:14)
  8 komodo dragons
  3 tengu conjurers
  A queen bee (shapeshifter) (D:15)
  5 meliai
  A queen bee (Spider:1)
  12 trolls
  A wolf spider simulacrum (D:15)
  4 polar bears
  21 merfolk
  A troll (shapeshifter) (D:13)
  6 wind drakes
  15 hornets
  A blink frog (shapeshifter) (D:14)
  4 tyrant leeches (Lair:5)
  Prince Ribbit (D:5)
  3 blink frogs
  24 tarantellas
  10 dream sheep
  13 slime creatures
  3 snapping turtles
  34 jumping spiders
  6 shadows
  Sigmund (D:5)
  33 yaks
  5 wraiths
  10 water elementals
  22 culicivoras
  A vampire (D:12)
  A spectral komodo dragon (Gauntlet)
  4 wyverns (D:11)
  Eustachio (D:5)
  A fire bat (D:14)
  8 basilisks
  Grum (D:10)
  5 steam dragons
  17 vampire mosquitoes
  85 redbacks
  2 wargs (Orc:2)
  2 acid dragons (Lair:5)
  11 water moccasins
  A black bear (D:6)
  2 hornet zombies (D:9)
  31 orc warriors
  A swamp drake (Lair:5)
  2 ice beasts
  5 ogres
  7 centaurs
  12 wolves
  A phantom (D:6)
  6 bullfrogs
  A gnoll sergeant (D:12)
  6 scorpions
  13 wights
  26 killer bees
  5 electric eels
  5 howler monkeys
  2 centaur zombies (D:9)
  5 hounds
  28 orc priests
  2 gnoll boudas (D:7)
  6 jellies
  13 iguanas
  31 orc wizards
  9 hell rats (Lair:2)
  2 howler monkey zombies (D:9)
  15 gnolls
  2 adders
  6 river rats (Lair:2)
  2 shadow imps (D:6)
  2 white imps (D:6)
  2 ufetubi (D:6)
  3 worms (D:6)
  2 dart slugs
  88 orcs
  9 endoplasms
  3 giant cockroaches
  5 hobgoblins
  4 jackals (D:5)
  10 kobolds
  11 quokkas
  3 training dummies (Orc:1)
  A ball python (D:2)
  A bat (D:1)
  A frilled lizard (D:1)
  5 goblins
  19 rats
  3 briar patches (D:13)
  A bush (Lair:5)
  4 tentacles (Shoals:2)
1114 creatures vanquished.

Vanquished Creatures (collateral kills)
  A spark wasp (Spider:4)
  A hydra (D:13)
  A jorogumo (Spider:4)
  2 death yaks
  A two-headed ogre (D:14)
  2 boulder beetles
  3 orc high priests (Orc:2)
  A sun moth (Spider:3)
  A steelbarb worm (Spider:1)
  A sea snake (Shoals:2)
  An orb spider (Spider:4)
  An orc sorcerer (Orc:2)
  2 fauns (Shoals:1)
  A manticore (Shoals:4)
  3 wolf spiders (Spider:1)
  11 elephants
  A moth of wrath (Spider:4)
  2 cane toads
  Joseph (D:7)
  8 komodo dragons
  2 rime drakes
  A demonic crawler (Spider:4)
  An unseen horror zombie (D:9)
  A tengu conjurer (D:15)
  3 merfolk
  2 meliai (Spider:1)
  A tarantella (Spider:1)
  4 blink frogs
  3 dream sheep (Lair:4)
  A culicivora (Spider:3)
  2 jumping spiders (Spider:1)
  5 yaks
  A basilisk (Lair:4)
  4 redbacks
  A water moccasin (Lair:3)
  2 orc warriors (Orc:2)
  A centaur (D:9)
  A gnoll sergeant (D:9)
  A wight (D:9)
  An electric eel (Lair:5)
  2 orc priests
  7 orc wizards
  2 gnolls (D:3)
  A river rat (Lair:2)
  5 orcs
  A goblin (D:3)
  2 rats (Lair:2)
103 creatures vanquished.

Vanquished Creatures (others)
  A tarantella (Spider:4)
  A centaur zombie (D:9)
  2 gnolls (D:7)
  2 demonic plants (Gauntlet)
  13 fungi
  122 plants
  8 tentacles (Shoals:2)
  14 withered plants (Gauntlet)
163 creatures vanquished.

Grand Total: 1380 creatures vanquished

Notes
Turn   | Place    | Note
-------+----------+-------------------------------------------
     0 | D:1      | IdlyInterested the Demonspawn Wanderer began the quest for
                  | the Orb.
     0 | D:1      | IdlyInterested set off with the following items: a +0 club,
                  | a scroll of vulnerability, a +0 buckler, a scroll of
                  | butterflies, a +0 chain mail.
     0 | D:1      | Reached XP level 1. HP: 18/18 MP: 2/2
   354 | D:1      | Reached skill level 1 in Stealth
   374 | D:1      | Gained mutation: You have large cloven feet. [demonic
                  | ancestry]
   374 | D:1      | Reached XP level 2. HP: 8/24 MP: 3/3
  1450 | D:2      | Gained mutation: A weak demonic guardian rushes to your
                  | aid. [demonic ancestry]
  1450 | D:2      | Reached XP level 3. HP: 29/29 MP: 4/4
  2050 | D:3      | Gained mutation: You sometimes gain a little power by
                  | taking damage. [demonic ancestry]
  2050 | D:3      | Reached XP level 4. HP: 33/36 MP: 5/5
  2062 | D:3      | Found Firhifeu's Antique Weapon Boutique.
  2573 | D:4      | Reached skill level 1 in Maces & Flails
  2648 | D:4      | Reached skill level 4 in Fighting
  2836 | D:4      | Reached XP level 5. HP: 42/42 MP: 6/6
  3213 | D:5      | Entered Level 5 of the Dungeon
  3272 | D:5      | Noticed an ogre
  3277 | D:5      | Killed an ogre
  3278 | D:5      | Reached XP level 6. HP: 22/50 MP: 7/7
  3387 | D:5      | Noticed Prince Ribbit
  3398 | D:5      | Noticed Sigmund
  3410 | D:5      | Noticed Eustachio
  3415 | D:5      | Killed Sigmund
  3416 | D:5      | Reached skill level 5 in Fighting
  3416 | D:5      | Reached skill level 1 in Throwing
  3416 | D:5      | Gained mutation: You have hoof-like feet. [demonic
                  | ancestry]
  3416 | D:5      | Reached XP level 7. HP: 22/56 MP: 8/8
  3441 | D:5      | Killed Prince Ribbit
  3475 | D:5      | Killed Eustachio
  3476 | D:5      | Reached skill level 6 in Fighting
  3868 | D:5      | Found a staircase to the Ecumenical Temple.
  3875 | Temple   | Entered the Ecumenical Temple
  3903 | Temple   | Became a worshipper of Qazlal Stormbringer
  4047 | D:5      | Gained mutation: Your movements are slightly less
                  | encumbered by armour. (ER -2) [demonic ancestry]
  4047 | D:5      | Reached XP level 8. HP: 43/65 MP: 9/9
  4455 | D:3      | Bought a glowing scimitar for 182 gold pieces
  4492 | D:6      | Identified a scroll of acquirement
  4492 | D:6      | Acquired the +12 crystal plate armour "Eruupaj" {Dex+3}
  4540 | D:6      | Reached skill level 1 in Invocations
  4554 | D:6      | Reached skill level 7 in Fighting
  4574 | D:6      | Reached skill level 1 in Long Blades
  4690 | D:6      | Noticed a moth of wrath
  4693 | D:6      | Found a bloodstained altar of Trog.
  4714 | D:6      | Reached * piety under Qazlal
  5114 | D:6      | Found a snail-covered altar of Cheibriados.
  5177 | D:6      | Reached skill level 8 in Fighting
  5252 | D:6      | Found a sacrificial altar of Ru.
  5253 | D:6      | Found a shadowy altar of Dithmenos.
  5254 | D:6      | Found a shimmering altar of Xom.
  5254 | D:6      | Found a radiant altar of Vehumet.
  5258 | D:6      | Found a basalt altar of Yredelemnul.
  5471 | D:7      | Reached XP level 9. HP: 40/74 MP: 12/12
  5589 | D:7      | Reached ** piety under Qazlal
  6000 | D:7      | Noticed Joseph
  6011 | D:7      | Killed Joseph
  6380 | D:8      | Reached skill level 9 in Fighting
  6668 | D:8      | Noticed Erica
  6686 | D:8      | Killed Erica
  6687 | D:8      | Reached skill level 5 in Maces & Flails
  6812 | D:8      | Noticed Pikel
  6824 | D:8      | Killed Pikel
  6825 | D:8      | Reached skill level 1 in Evocations
  6825 | D:8      | Gained mutation: Your movements are less encumbered by
                  | armour. (ER -4) [demonic ancestry]
  6825 | D:8      | Reached XP level 10. HP: 76/85 MP: 13/13
  6964 | D:8      | Reached skill level 10 in Fighting
  7202 | D:8      | You fall into a shaft and drop 3 floors!
  7222 | D:11     | Reached skill level 5 in Invocations
  7223 | D:11     | Reached *** piety under Qazlal
  7281 | D:10     | Entered Level 10 of the Dungeon
  7340 | D:9      | Reached skill level 11 in Fighting
  8052 | D:9      | Reached XP level 11. HP: 84/93 MP: 17/17
  8166 | D:9      | Reached **** piety under Qazlal
  9084 | D:10     | Noticed Grum
  9093 | D:10     | Killed Grum
  9097 | D:10     | Reached skill level 5 in Shields
  9273 | D:10     | Reached skill level 5 in Long Blades
  9456 | D:10     | Found a shimmering blue altar of Sif Muna.
  9457 | D:10     | Found a burning altar of Makhleb.
  9471 | D:10     | Reached skill level 12 in Fighting
  9476 | D:10     | Found an ancient bone altar of Kikubaaqudgha.
  9481 | D:10     | Found an ornate altar of the Wu Jian Council.
  9765 | D:11     | Reached skill level 1 in Axes
  9825 | D:11     | Gained mutation: You are clumsy. (Dex -2) [a neqoxec]
  9882 | D:11     | Noticed a two-headed ogre
  9889 | D:11     | Killed a two-headed ogre
  9930 | D:11     | Found a staircase to the Lair.
 10361 | Lair:1   | Entered Level 1 of the Lair of Beasts
 10373 | Lair:1   | Reached ***** piety under Qazlal
 10598 | Lair:1   | Gained mutation: Your movements are significantly less
                  | encumbered by armour. (ER -6) [demonic ancestry]
 10598 | Lair:1   | Reached XP level 12. HP: 103/103 MP: 18/18
 10598 | Lair:1   | Lost mutation: You are clumsy. (Dex -2) [potion of
                  | mutation]
 10598 | Lair:1   | Gained mutation: You do not regenerate when monsters are
                  | visible. [potion of mutation]
 10598 | Lair:1   | Gained mutation: You have an increased reservoir of magic.
                  | (+10% MP) [potion of mutation]
 10598 | Lair:1   | Gained mutation: You possess an exceptional clarity of
                  | mind. [potion of mutation]
 10599 | Lair:1   | Lost mutation: You do not regenerate when monsters are
                  | visible. [potion of mutation]
 10599 | Lair:1   | Lost mutation: You have an increased reservoir of magic.
                  | (+10% MP) [potion of mutation]
 10599 | Lair:1   | Gained mutation: You occasionally shout uncontrollably at
                  | your foes. [potion of mutation]
 10638 | Lair:1   | Noticed a death yak
 10638 | Lair:1   | Noticed a death yak
 10639 | Lair:1   | Noticed a death yak
 10645 | Lair:1   | Reached skill level 13 in Fighting
 10645 | Lair:1   | Noticed a death yak
 10646 | Lair:1   | Noticed a death yak
 10647 | Lair:1   | Noticed a death yak
 10647 | Lair:1   | Killed a death yak
 10650 | Lair:1   | Killed a death yak
 10653 | Lair:1   | Noticed a death yak
 10655 | Lair:1   | Noticed a death yak
 10656 | Lair:1   | Noticed a death yak
 10657 | Lair:1   | Killed a death yak
 10659 | Lair:1   | Killed a death yak
 10661 | Lair:1   | Killed a death yak
 10661 | Lair:1   | Killed a death yak
 10661 | Lair:1   | Noticed a death yak
 10663 | Lair:1   | Killed a death yak
 10664 | Lair:1   | Reached skill level 5 in Axes
 10666 | Lair:1   | Killed a death yak
 10672 | Lair:1   | Killed a death yak
 10672 | Lair:1   | Killed a death yak
 10673 | Lair:1   | Reached skill level 14 in Fighting
 10912 | Lair:1   | Reached skill level 5 in Throwing
 11266 | Lair:1   | Noticed a death yak
 11269 | Lair:1   | Noticed a death yak
 11276 | Lair:1   | Killed a death yak
 11279 | Lair:1   | Killed a death yak
 11983 | Lair:2   | Noticed Amaemon
 11983 | Lair:2   | Noticed a boulder beetle
 11984 | Lair:2   | Reached XP level 13. HP: 69/114 MP: 19/19
 11993 | Lair:2   | Killed Amaemon
 12621 | Lair:2   | Found a hole to the Spider Nest.
 13341 | Lair:3   | Reached skill level 15 in Fighting
 13443 | Lair:3   | Found a staircase to the Shoals.
 13520 | Lair:3   | Acquired a manual of Axes
 14415 | Lair:4   | Reached skill level 5 in Stealth
 14505 | Lair:4   | Reached skill level 10 in Axes
 14506 | Lair:4   | Found a viscous altar of Jiyva.
 14506 | Lair:4   | Found a staircase to the Slime Pits.
 15608 | Lair:5   | Entered Level 5 of the Lair of Beasts
 15698 | Lair:5   | Gained mutation: A demonic guardian rushes to your aid.
                  | [demonic ancestry]
 15698 | Lair:5   | Reached XP level 14. HP: 124/124 MP: 20/20
 16186 | Lair:5   | Reached skill level 5 in Armour
 16276 | Lair:5   | Reached skill level 16 in Fighting
 16916 | Lair:5   | Found a runed translucent door.
 17845 | D:12     | Noticed Sonja
 17852 | D:12     | Killed Sonja
 18367 | D:12     | Found the +5 robe of Night {Dark Will+ SInv}
 18487 | D:12     | Identified the +10 great sword of the Absolute Madman
                  | {holy, Str+4}
 18737 | D:12     | Reached ****** piety under Qazlal
 19050 | D:12     | Found a staircase to the Orcish Mines.
 19436 | D:13     | Noticed a thorn hunter
 19455 | D:13     | Killed a thorn hunter
 19507 | D:13     | Gained mutation: Your hexes are more powerful. [demonic
                  | ancestry]
 19507 | D:13     | Reached XP level 15. HP: 73/132 MP: 21/21
 19814 | D:13     | Acquired the ring of Hosack {rC+ Will+ Int+6 Dex+6}
 19939 | D:13     | Found the +1 robe of Vines {NoPotionHeal Regen++++}
 20124 | D:13     | Identified the +6 long sword of Dullness {protect, rPois
                  | Will+ rCorr Int+4}
 20434 | D:14     | Reached skill level 15 in Axes
 20452 | D:14     | Reached skill level 10 in Invocations
 20722 | D:14     | Reached skill level 17 in Fighting
 21153 | D:14     | Identified the +0 robe "Poolutaf" {rF+ Will+ Str+3}
 21222 | D:14     | Found a gate to the Vaults.
 21354 | D:14     | Identified the +5 short sword of Fauhielo {protect, Fragile
                  | rPois SInv}
 21576 | Orc:1    | Entered Level 1 of the Orcish Mines
 21576 | Orc:1    | Found Ycetem's Magic Scroll Shoppe.
 21652 | Orc:1    | Found Modwucw's Armour Shop.
 21693 | Orc:2    | Entered Level 2 of the Orcish Mines
 21854 | Orc:1    | Noticed Nergalle
 21863 | Orc:1    | Killed Nergalle
 21950 | Orc:1    | Found Nuqa Fil's Firing Range.
 22173 | Orc:1    | Found Wenobb's General Store.
 22314 | Orc:1    | Found Niomyo Osil's Magic Scroll Shoppe.
 22394 | Orc:1    | Upgraded the game from 0.30-a0-263-ge22c4ad894 to
                  | 0.30-a0-269-gf0224bf7b6
 22496 | Orc:2    | Found a staircase to the Elven Halls.
 22929 | Orc:2    | Found Luponupn's Assorted Antiques.
 22929 | Orc:2    | Found Pirash's Weapon Shoppe.
 22930 | Orc:2    | Found Puifimer's Distillery.
 22933 | Orc:2    | Found Laxzeup's Weapon Emporium.
 23126 | Orc:2    | Bought a potion of curing for 39 gold pieces
 23126 | Orc:2    | Bought a potion of heal wounds for 65 gold pieces
 23172 | Orc:1    | Bought a scroll of enchant armour for 127 gold pieces
 23172 | Orc:1    | Bought a scroll of enchant armour for 127 gold pieces
 23220 | Orc:2    | Bought a potion of heal wounds for 105 gold pieces
 23220 | Orc:2    | Bought a wand of acid (3) for 264 gold pieces
 23220 | Orc:2    | Bought a potion of might for 84 gold pieces
 23220 | Orc:2    | Bought a potion of berserk rage for 105 gold pieces
 23220 | Orc:2    | Bought a scroll of teleportation for 63 gold pieces
 23221 | Orc:2    | Bought 4 atropa-tipped darts for 31 gold pieces
 23224 | Orc:2    | Bought a potion of magic for 104 gold pieces
 23224 | Orc:2    | Bought a potion of flight for 39 gold pieces
 23224 | Orc:2    | Bought a potion of resistance for 130 gold pieces
 23224 | Orc:2    | Bought a potion of haste for 130 gold pieces
 23224 | Orc:2    | Bought a potion of invisibility for 104 gold pieces
 23279 | Orc:1    | Bought a throwing net for 42 gold pieces
 23279 | Orc:1    | Bought 6 boomerangs of dispersal for 126 gold pieces
 23279 | Orc:1    | Bought 6 poisoned darts for 33 gold pieces
 23279 | Orc:1    | Bought 3 javelins for 33 gold pieces
 23279 | Orc:1    | Bought 5 silver javelins for 168 gold pieces
 23307 | Orc:1    | Bought a potion of ambrosia for 128 gold pieces
 23307 | Orc:1    | Bought a potion of might for 64 gold pieces
 23520 | D:15     | Entered Level 15 of the Dungeon
 23570 | D:15     | Found a gate leading to a gauntlet.
 23600 | D:15     | Reached XP level 16. HP: 88/141 MP: 24/24
 23620 | Gauntlet | Entered a Gauntlet
 23620 | Gauntlet | Found a large runed translucent door.
 23620 | Gauntlet | Found a large runed translucent door.
 23620 | Gauntlet | Found a large runed translucent door.
 23620 | Gauntlet | Found a large runed translucent door.
 23620 | Gauntlet | Found a large runed translucent door.
 23620 | Gauntlet | Found a large runed translucent door.
 23620 | Gauntlet | Found a large runed translucent door.
 23620 | Gauntlet | Found a large runed translucent door.
 23620 | Gauntlet | Found a runed translucent door.
 23620 | Gauntlet | Found a runed translucent gate.
 23620 | Gauntlet | Found a transporter.
 23620 | Gauntlet | Found a transporter.
 23620 | Gauntlet | Found a runed translucent gate.
 23620 | Gauntlet | Found a transporter.
 23620 | Gauntlet | Found a transporter.
 23621 | Gauntlet | Found a runed translucent door.
 23621 | Gauntlet | Found a runed translucent gate.
 23626 | Gauntlet | Found a large runed translucent door.
 23626 | Gauntlet | Found a large runed translucent door.
 23626 | Gauntlet | Found a large runed translucent door.
 23626 | Gauntlet | Found a large runed translucent door.
 23627 | Gauntlet | Found a large runed translucent door.
 23627 | Gauntlet | Found a large runed translucent door.
 23628 | Gauntlet | Found a large runed translucent door.
 23628 | Gauntlet | Found a large runed translucent door.
 23643 | Gauntlet | Found a transporter.
 23658 | Gauntlet | Found a transporter.
 23662 | Gauntlet | Found a transporter.
 23676 | Gauntlet | Found a transporter.
 23727 | Gauntlet | Found a transporter.
 23772 | Gauntlet | Found a transporter.
 23772 | Gauntlet | Found a transporter.
 23785 | Gauntlet | Found a transporter.
 23947 | Gauntlet | Identified the amulet of Samacwak {Faith Str-5 Int+7
                  | Stlth-}
 24048 | Gauntlet | Identified the amulet of Astiumoich {RegenMP rPois Will-
                  | Regen+}
 24563 | D:15     | Noticed Agnes
 24573 | D:15     | Killed Agnes
 24969 | D:15     | Found a staircase to the Depths.
 25416 | Spider:1 | Entered Level 1 of the Spider Nest
 25417 | Spider:1 | Noticed Louise
 25434 | Spider:1 | Killed Louise
 25522 | Spider:1 | Noticed Rupert
 25543 | Spider:1 | Killed Rupert
 25840 | Spider:1 | Reached skill level 18 in Fighting
 27586 | Spider:2 | You fall into a shaft and drop 1 floor!
 27705 | Spider:3 | Reached XP level 17. HP: 142/151 MP: 6/26
 28236 | Spider:3 | Reached skill level 10 in Shields
 30077 | Spider:4 | Entered Level 4 of the Spider Nest
 31360 | Spider:4 | Reached skill level 19 in Fighting
 31366 | Spider:4 | Paralysed by a hornet for 1 turns
 31638 | Spider:4 | Got a gossamer rune of Zot
 31813 | Shoals:1 | Entered Level 1 of the Shoals
 31895 | Shoals:1 | Reached skill level 5 in Spellcasting
 31984 | Shoals:1 | Noticed Josephine
 31992 | Shoals:1 | Killed Josephine
 32700 | Shoals:2 | Reached XP level 18. HP: 71/160 MP: 0/27
 34675 | Shoals:4 | Entered Level 4 of the Shoals
 34676 | Shoals:4 | Noticed Donald
 34791 | Shoals:4 | Killed Donald
 34847 | Shoals:4 | Identified the ring "Wigraj" {Drain *Slow rPois rCorr
                  | Dex+10}
 35065 | Shoals:4 | HP: 7/162 [water nymph/the raging water (21)]
 35065 | Shoals:4 | HP: 3/162 [water nymph/the raging water (4)]
 35067 | Shoals:4 | Drowned by a water nymph

Illustrated notes

Levels and vault maps discovered:
D:1:      sevenhm_arrival_forest_fort_large_1, layout_basic
D:2:      layout_rooms, minmay_pentomino_s2
D:3:      layout_rooms, serial_shops, shop, chequers_serial_rivers_micro_d,
          serial_bayou_lagoon_b
D:4:      layout_rooms
D:5:      layout_loops_cross, minmay_temple_entry_tees, chequers_jeans,
          uniq_eustachio, uniq_prince_ribbit1, uniq_sigmund
D:6:      layout_basic, minitemple, tgw_trog, minmay_bent
D:7:      layout_basic, uniq_joseph
D:8:      layout_loops_cross, uniq_pikel, uniq_erica
D:9:      layout_stronghold, serial_undead, serial_undead_d, serial_undead_f,
          serial_undead_d, serial_undead_a, mrwooster_statue_mirror,
          minivault_19
D:10:     layout_rooms, nicolae_overflow_hallway_of_the_gods,
          kennysheep_cross_room, uniq_grum
D:11:     layout_rooms, minmay_lair_entry_grove
D:12:     layout_basic, david_orc_4, hellmonk_guarded_unrand_night, uniq_sonja
D:13:     layout_loops_ring, hellmonk_guarded_unrand_vines
D:14:     layout_loops_ring, lightli_vaults_fourway_checkpoint,
          kennysheep_crisscross, nicolae_wwwww, hex_tiny, onia_ninara_cookie
D:15:     grunt_enter_depths_hoard, layout_cave_pods, gauntlet_entry_generic,
          drop_trap, hangedman_decor_slide_cut, uniq_agnes
Temple:   hellmonk_temple_rainy
Lair:1:   layout_layer_cave, lemuel_fruit_fields
Lair:2:   lemuel_ratsnest, layout_small_grid,
          hellmonk_spider_entry_life_and_decay, grunt_megastairs_2, uniq_amaemon
Lair:3:   layout_roguey, minmay_shoals_entry_centaurs, disabler_island
Lair:4:   layout_cave_shapes, minmay_slime_entry_pillars, beast_lair_carwin_11,
          lemuel_fruit_fields, serial_bayou_shore_b
Lair:5:   wormcave, layout_gridlike, guppyfry_lair_end_dragon,
          serial_bayou_lagoon_a, infiniplex_staircase_pool
Shoals:1: layout_shoals, kb_tengu_band, uniq_josephine
Shoals:2: layout_shoals, nicolae_shoals_lost_giant_baths
Shoals:3: layout_shoals
Shoals:4: shoals_end_simple, layout_shoals, uniq_donald
Spider:1: layout_spider_delve, special_room [special_room_bee],
          nicolae_spider_eight_legs, uniq_rupert, uniq_louise
Spider:2: layout_chambers
Spider:3: layout_spider_delve
Spider:4: spider_rune_water, nicolae_spider_spiderdrome
Orc:1:    layout_diamond_mine, serial_shops, nicolae_diamond_shop,
          nicolae_shop_hallway_stairs, nicolae_shop_waterfront, shop,
          basic_altar, nicolae_shop_firing_range, uniq_nergalle
Orc:2:    st_orc_mages, layout_caves, nicolae_orc_lost_temple

Skill      XL: |  1  2  3  4  5  6  7  8  9 10 11 12 13 14 15 16 17 18 |
---------------+-------------------------------------------------------+-----
Stealth        | 1 2 3 4 5 6 |  6.0
Maces & Flails | 1 2 3 4 5 |  5.2
Fighting       | 4 5 6 8 9 11 12 14 15 16 17 18 19 | 19.8
Throwing       | 1 3 4 5 6 |  6.0
Invocations    | 4 8 9 11 12 | 12.0
Long Blades    | 2 4 5 |  5.0
Shields        | 4 7 8 9 12 13 | 13.9
Dodging        | 2 |  2.0
Evocations     | 1 2 |  2.0
Axes           | 3 6 10 14 16 17 | 17.7
Armour         | 6 |  6.0
Spellcasting   | 5 7 |  7.1

Action                   |  1- 3 |  4- 6 |  7- 9 | 10-12 | 13-15 | 16-18 || total
-------------------------+-------+-------+-------+-------+-------+-------++-------
Melee: Hand axe          |    65 |       |       |       |       |       ||    65
       Whip              |    41 |    65 |    86 |       |       |       ||   192
       Kick              |    15 |    13 |    88 |   138 |   390 |   395 ||  1039
       Scimitar          |       |       |    69 |   159 |    36 |       ||   264
       Flail             |       |       |    82 |       |       |       ||    82
       Morningstar       |       |       |       |    56 |       |       ||    56
       Broad axe         |       |       |       |   144 |   875 |   933 ||  1952
Throw: Stone             |     2 |     7 |     2 |    13 |       |       ||    24
       Boomerang         |       |       |       |    14 |    33 |    24 ||    71
       Dart              |       |       |       |     3 |    10 |     2 ||    15
       Throwing net      |       |       |       |       |       |     1 ||     1
Invok: Upheaval          |       |       |       |     1 |     7 |     1 ||     9
       Elemental Force   |       |       |       |     2 |    15 |     2 ||    19
Evoke: Wand              |       |       |       |       |     9 |    11 ||    20
  Use: Scroll            |     7 |     3 |     6 |     7 |     7 |    12 ||    42
       Potion            |     4 |     1 |     7 |     6 |     4 |     3 ||    25
 Stab: Distracted        |       |     1 |       |       |     5 |     1 ||     7
       Paralysed         |       |       |       |       |     5 |     2 ||     7
       Held in net/web   |       |       |       |       |       |     1 ||     1
Armor: Chain mail        |    65 |    58 |    43 |       |       |       ||   166
       Crystal plate arm |       |       |   135 |   319 |   570 |   657 ||  1681
Dodge: Dodged            |    30 |    18 |    60 |   141 |   232 |   164 ||   645
       Repelled          |       |       |       |       |     5 |     4 ||     9
Block: Buckler           |    20 |    14 |    80 |   299 |   638 |   114 ||  1165
       Tower shield      |       |       |       |       |       |  1377 ||  1377
       Other             |       |       |       |       |       |     1 ||     1
       Kite shield       |       |       |       |       |       |    83 ||    83
       Reflection        |       |       |       |       |       |    19 ||    19

Table legend: (Time is in decaauts)
 A = Elapsed time spent in this place.
 B = Non-inter-level travel time spent in this place.
 C = Inter-level travel time spent in this place.
 D = Time resting spent in this place.
 E = Time spent auto-exploring this place.
 F = Levels seen in this place.
 G = Mean time per level.
                   A        B        C        D        E       F      G
               +--------+--------+--------+--------+--------+-----+--------+
         Total |  35544 |  31218 |   4326 |   1740 |  21033 |  32 | 1110.8 |
       Dungeon |  15650 |  13898 |   1752 |    744 |   9514 |  15 | 1043.3 |
        Temple |     38 |     38 |      0 |      0 |      0 |   1 |   38.0 |
          Lair |   7649 |   6901 |    748 |    380 |   5011 |   5 | 1529.8 |
        Shoals |   3478 |   3023 |    455 |    121 |   1881 |   4 |  869.5 |
   Spider Nest |   6411 |   5355 |   1056 |    494 |   3684 |   4 | 1602.8 |
  Orcish Mines |   1773 |   1460 |    313 |      0 |    822 |   2 |  886.5 |
      Gauntlet |    542 |    542 |      0 |      0 |    120 |   1 |  542.0 |
               +--------+--------+--------+--------+--------+-----+--------+

Top non-repeatable levels by time:
Spider:3: 2347 daAuts
  Lair:5: 1966 daAuts
  Lair:1: 1814 daAuts
    D:12: 1661 daAuts
Spider:2: 1612 daAuts
  Lair:2: 1491 daAuts
  Lair:4: 1387 daAuts
     D:9: 1379 daAuts
Spider:4: 1274 daAuts
Spider:1: 1177 daAuts
    D:15: 1177 daAuts
     D:1: 1176 daAuts
    D:13: 1164 daAuts
Shoals:2: 1160 daAuts
     D:6: 1147 daAuts
